 Dungeon Crawl Stone Soup version 0.18-a0-1026-ge317a7f (webtiles) character file.

96 Jmtri7 the Stinger (level 4, -1/30 HPs)
             Began as a Formicid Venom Mage on Jan 8, 2016.
             Slain by an orc priest
             ... wielding a +0 flail
              (5 damage)
             ... on level 3 of the Dungeon.
             The game lasted 00:13:58 (2074 turns).

Jmtri7 the Stinger (Formicid Venom Mage)            Turns: 2074, Time: 00:13:58

Health: -1/30      AC:  5    Str: 12    XL:     4   Next: 98%
Magic:  0/7        EV: 12    Int: 16    God:
Gold:   124        SH:  0    Dex: 11    Spells: 2 memorised, 2 levels left

rFire  . . .     SeeInvis +     e - +0 short sword
rCold  . . .     Gourm    .     r - +0 robe
rNeg   . . .     Faith    .     (no shield)
rPois  +         Spirit   .     (helmet unavailable)
rElec  .         Dismiss  .     h - +2 cloak
rCorr  .         Reflect  .     (no gloves)
SustAt .         Harm     .     (no boots)
MR     .....                    (no amulet)
Stlth  +++.......               f - ring of stealth
                                d - ring of poison resistance

@: not resistant to hostile enchantments, fairly stealthy
A: permanent stasis, dig shafts and tunnels, four strong arms, antennae 3
a: Dig, Shaft Self


You were on level 3 of the Dungeon.
You were near starving.

You visited 1 branch of the dungeon, and saw 3 of its levels.

You collected 124 gold pieces.

Inventory:

Hand Weapons
 e - a +0 short sword (weapon)
Armour
 h - a +2 cloak (worn)
 r - a +0 robe (worn)
Jewellery
 d - a ring of poison resistance (left hand)
 f - a ring of stealth (right hand)
Scrolls
 i - a scroll of remove curse {unknown}
 l - a scroll of magic mapping {unknown}
 m - a scroll of recharging {unknown}
 n - a scroll of teleportation {unknown}
 o - a scroll of identify {unknown}
 p - a scroll of amnesia {unknown}
Potions
 k - a potion of flight {unknown}
 q - 2 potions of heal wounds {unknown}
Books
 b - a Young Poisoner's Handbook

   Spells                             Type                      Level
   a - Sting                          Conjuration/Poison           1
   b - Cure Poison                    Poison                       2
   c - Mephitic Cloud                 Conjuration/Poison/Air       3
   d - Olgreb's Toxic Radiance        Poison                       4
   e - Venom Bolt                     Conjuration/Poison           5
Comestibles
 a - 2 chunks of flesh
 c - a bread ration
 g - a meat ration


   Skills:
 - Level 1.7 Dodging
 - Level 2.4 Stealth
 - Level 2.1 Spellcasting
 + Level 7.8 Poison Magic


You had 2 spell levels left.
You knew the following spells:

 Your Spells              Type           Power        Failure   Level  Hunger
a - Sting                 Conj/Pois      ##..         6%          1    #......
b - Olgreb's Toxic Radia  Pois           ####....     12%         4    #####..


Dungeon Overview and Level Annotations

Branches:
Dungeon (3/15)

Altars:
Pakellas
Yredelemnul
The Shining One


Innate Abilities, Weirdness & Mutations

You are under a permanent stasis effect.
You can dig through walls and to a lower floor.
Your four strong arms can wield two-handed weapons with a shield.
You have a pair of large antennae on your head (SInv).


Message History

Press: ? - help, Shift-Dir - straight line, f/p - orc
Aim: an orc, wearing a leather armour (poisoned)
The sting hits the orc.
The orc is lightly wounded.
The orc priest hits you with a flail. The orc hits you but does no damage.
Casting: Sting
Confirm with . or Enter, or press ? or * to list all spells.
You don't know that spell.
You barely miss the orc.
The orc is heavily wounded.
The orc hits you.
* * * LOW HITPOINT WARNING * * *
The orc priest hits you with a flail.
* * * LOW HITPOINT WARNING * * *
Your magical contamination has completely faded away.
Are you sure you want to shaft yourself?
You are near starving!
You kill the orc!
The orc priest hits you with a flail.
You die...

### #.#
#.######
#......#
#.####.###
########o#
#...###### #
....)s)r@#
##.......# #
#...######
#.......# # #
#.......####
##..........
.............
.............
.#########....
...##. ....##.


You could see an orc priest, a giant cockroach and a rat.

Vanquished Creatures
  4 adders
  2 worms (D:2)
  3 giant geckos
  3 orcs (D:3)
  7 bats
  2 giant cockroaches
  2 goblins
  8 hobgoblins
  4 jackals (D:2)
  A giant newt (D:1)
  8 kobolds
  2 rats
46 creatures vanquished.

Vanquished Creatures (others)
  A wyvern (D:2)
1 creature vanquished.

Grand Total: 47 creatures vanquished

Notes
Turn   | Place    | Note
--------------------------------------------------------------
     0 | D:1      | Jmtri7 the Formicid Venom Mage began the quest for the Orb.
     0 | D:1      | Reached XP level 1. HP: 13/13 MP: 3/3
   178 | D:1      | Reached XP level 2. HP: 19/19 MP: 1/5
   224 | D:1      | Reached skill level 6 in Poison Magic
   422 | D:1      | Reached XP level 3. HP: 11/24 MP: 0/6
   804 | D:2      | Found a glowing golden altar of the Shining One.
   977 | D:2      | Found an oddly glowing altar of Pakellas.
   977 | D:2      | Noticed an orange crystal statue
   978 | D:2      | Noticed a wyvern
   990 | D:2      | Found a basalt altar of Yredelemnul.
   995 | D:2      | Killed a wyvern
  1099 | D:2      | Reached skill level 7 in Poison Magic
  1099 | D:2      | Reached XP level 4. HP: 26/30 MP: 2/7
  1105 | D:2      | Learned a level 4 spell: Olgreb's Toxic Radiance
  1222 | D:2      | Found a faded altar to an unknown god.
  2074 | D:3      | Slain by an orc priest

Vault maps used:
D:1:      mrwooster_arrival_statue
D:2:      gammafunk_pakellas_statue_experiment, lemuel_doored_altar,
          ecumenical_altar_1, yredelemnul_altar_generic

Action                   |  1- 3 |  4- 6 || total
-------------------------+-------+-------++-------
Melee: Unarmed           |    11 |       ||    11
       Short sword       |    29 |    36 ||    65
 Cast: Sting             |    51 |    34 ||    85
 Abil: Dig               |     3 |       ||     3
       Shaft Self        |       |     1 ||     1
 Stab: Sleeping          |     2 |       ||     2
  Eat: Chunk             |     1 |     3 ||     4
